 Dungeon Crawl Stone Soup version 0.17-a0-18-gc25b939 (webtiles) character file.

758 Chiseanne the Shield-Bearer (level 7, -1/55 HPs)
             Began as a Vine Stalker Fighter on Mar 11, 2015.
             Slain by a killer bee (5 damage)
             ... on level 6 of the Dungeon.
             The game lasted 00:10:14 (2848 turns).

Chiseanne the Shield-Bearer (Vine Stalker Fighter)  Turns: 2848, Time: 00:10:14

Health: -1/55      AC: 10    Str: 24    XL:     7   Next: 80%
Magic:  0/9        EV:  6    Int: 10    God:
Gold:   274        SH: 10    Dex: 13    Spells: 0 memorised, 6 levels left

rFire  . . .     SeeInvis .     a - +0 war axe
rCold  . . .     Clarity  .     n - +0 chain mail (curse)
rNeg   . . .     SustAb   .     c - +0 shield
rPois  .         Gourm    .     k - +0 helmet
rElec  .         Spirit   +     (no cloak)
rCorr  .         Warding  .     (no gloves)
rMut   .         Stasis   .     (no boots)
MR     .....                    (no amulet)
Stlth  ..........               (no ring)
                                x - ring of stealth

@: mighty, berserking, lethally poisoned (-1 -> -1), very quick, not resistant
to hostile enchantments, extremely unstealthy
A: fangs 2, regeneration 2, magic shield, antimagic bite, no device heal 3, rot
immunity
a: no special abilities


You were on level 6 of the Dungeon.
You were not hungry.

You visited 1 branch of the dungeon, and saw 6 of its levels.

You collected 274 gold pieces.

Inventory:

Hand weapons
 a - a +0 war axe (weapon)
 j - a +6 club
 w - a +1 hand crossbow of velocity
 y - a +0 mace of protection
Missiles
 b - 27 bolts
 g - 2 javelins
 l - 8 tomahawks (quivered)
 r - 29 sling bullets
 u - 11 silver sling bullets
Armour
 c - a +0 shield (worn)
 k - a +0 helmet (worn)
 n - a cursed +0 chain mail (worn)
Jewellery
 x - a ring of stealth (left hand)
Magical devices
 i - a wand of polymorph (0)
 q - a wand of lightning (0)
Scrolls
 f - a scroll of remove curse
 t - 2 scrolls of identify
Potions
 m - 3 potions of curing
 o - a potion of restore abilities
 z - a potion of ambrosia {unknown}
Comestibles
 d - 2 bread rations
 h - a beef jerky
 s - 4 fruits
 v - 2 meat rations


   Skills:
 * Level 4.2 Fighting
 * Level 3.9 Axes
 * Level 4.2 Armour
 * Level 5.2 Shields


You had 6 spell levels left.
You didn't know any spells.

Dungeon Overview and Level Annotations

Branches:
Dungeon (7/15)
 Temple: D:4-7

Altars:
Okawaru
Sif Muna
Xom


Innate Abilities, Weirdness & Mutations

You have extremely sharp teeth.
You heal very quickly.
When hurt, damage is shared between your health and your magic reserves.
Your bite disrupts and absorbs the magic of your enemies.
Potions and wands cannot restore your health.
You are immune to rotting.


Message History

Drink which item? (? for menu, Esc to quit)
You feel better. The killer bee barely misses you. The killer bee stings you.
Drink which item? (? for menu, Esc to quit)
You feel very mighty all of a sudden. You block the killer bee's attack.
The killer bee stings you!
* * * LOW HITPOINT WARNING * * *
You slash the killer bee!
You kill the killer bee!
The killer bee stings you but does no damage. x2
Your chain mail prevents you from hitting the killer bee.
You block the killer bee's attack. The killer bee stings you.
* * * LOW HITPOINT WARNING * * *
You are poisoned.
The killer bee poisons you!
The killer bee stings you but does no damage.
Drink which item? (? for menu, Esc to quit)
A red film seems to cover your vision as you go berserk!
You feel yourself moving faster!
You feel mighty!
You feel sick. You block the killer bee's attack. The killer bee stings you!
You die...

# #.#...##.#..# #.......# #
###.###....#..# #.......#
###.#....)####.## #.......#
....#####......######.......#
###...#.......†#.....##+#########
#<..#...#.##.#.....##.# #......
#...##..#.##.#.....##.# #......
#...........yy......#.# #......
#..###..#.##.#@.....#.# #......
#..# #..#.##y######.#.# #......
#..# #..#.##.# #.#.# #...... #..#
#..#..yyr....#.#.###...... #..#
...........#.#............ #...
r..(.%.###.# #.#..######## #.##
#.####. .# #.#..# ... . .. #
###### ..


You could see 2 killer bees.

Vanquished Creatures
  A centaur (D:6)
  2 scorpions (D:5)
  2 killer bees (D:6)
  A crimson imp (D:6)
  A hound (D:3)
  A giant frog zombie (D:6)
  A giant frog skeleton (D:5)
  2 orc priests (D:5)
  2 orc wizards
  A worker ant (D:6)
  Ijyb (D:2)
  Jessica (D:2)
  Robin (D:2)
  6 adders
  A giant mite (D:6)
  2 worms
  A shadow imp (D:5)
  An adder zombie (D:5)
  An adder skeleton (D:5)
  5 giant geckos
  An ooze (D:5)
  18 orcs
  10 bats
  5 giant cockroaches
  15 goblins
  7 hobgoblins
  A quokka (D:5)
  A giant gecko zombie (D:5)
  3 giant newts
  7 kobolds
  A quokka skeleton (D:5)
  8 rats
111 creatures vanquished.

Notes
Turn   | Place    | Note
--------------------------------------------------------------
     0 | D:1      | Chiseanne, the Vine Stalker Fighter, began the quest for the Orb.
     0 | D:1      | Reached XP level 1. HP: 11/11 MP: 1/1
   103 | D:1      | Reached XP level 2. HP: 16/16 MP: 3/3
   253 | D:1      | Reached skill level 3 in Fighting
   529 | D:2      | Noticed Robin
   534 | D:2      | Reached XP level 3. HP: 8/20 MP: 4/4
   543 | D:2      | Killed Robin
   549 | D:2      | Reached XP level 4. HP: 6/24 MP: 3/5
   695 | D:2      | Noticed Jessica
   698 | D:2      | Killed Jessica
   703 | D:2      | Noticed Ijyb
   712 | D:2      | Killed Ijyb
   880 | D:2      | Found a shimmering altar of Xom.
   880 | D:2      | Found a shimmering altar of Xom.
   880 | D:2      | Found a shimmering altar of Xom.
   880 | D:2      | Found a shimmering altar of Xom.
   881 | D:2      | Found a shimmering altar of Xom.
   884 | D:2      | Found a shimmering altar of Xom.
  1033 | D:3      | Reached XP level 5. HP: 26/28 MP: 5/7
  1228 | D:3      | You fall through a shaft for 2 floors!
  1228 | D:5      | Entered Level 5 of the Dungeon
  1349 | D:6      | Reached skill level 4 in Shields
  1349 | D:6      | Gained mutation: You heal very quickly. [vine stalker growth]
  1349 | D:6      | Reached XP level 6. HP: 24/32 MP: 8/8
  1439 | D:6      | Found a deep blue altar of Sif Muna.
  1528 | D:5      | Found an iron altar of Okawaru.
  1871 | D:5      | Reached XP level 7. HP: 37/37 MP: 7/9
  2480 | D:6      | Noticed a centaur
  2500 | D:6      | Killed a centaur
  2500 | D:6      | Reached skill level 5 in Shields
  2668 | D:6      | Found an iron altar of Okawaru.
  2848 | D:6      | Slain by a killer bee

Action                   |  1- 3 |  4- 6 |  7- 9 || total
-------------------------+-------+-------+-------++-------
Melee: War axe           |    68 |   161 |    74 ||   303
       Unarmed           |       |       |    16 ||    16
Evoke: Wand              |       |     3 |       ||     3
  Use: Potion            |     1 |       |     4 ||     5
       Scroll            |       |     5 |     4 ||     9
  Eat: Chunk             |       |     4 |     3 ||     7
